[Event "RUS-chT Premier 2021"]
[White "Shubin,Kirill"]
[Black "Petrov,Nikita"]
[WhiteTeam "СШОР"]
[BlackTeam "Школа М. Ботвинника"]
[Site "Sochi"]
[Round "6.1"]
[Annotator "ChessBase"]
[Result "0-1"]
[Date "2021.05.07"]
[WhiteElo "2466"]
[BlackElo "2567"]
[PlyCount "62"]
[TimeControl "60"]

1. e4 c5 2. Nf3 Nc6 3. Bb5 e6 4. 0-0 Nge7 5. b3 a6 6. Bxc6 Nxc6 7. Bb2 b5 8. a4 b4 9. d3 Bb7 10. Nbd2 f6 11. Nh4 Qe7 12. Nc4 0-0-0 13. Re1 Kb8 14. f4 Qf7 15. e5 f5 16. Nf3 h6 17. Nd6 Bxd6 18. exd6 Rhg8 19. Ne5 Nxe5 20. fxe5 f4 21. Qd2 g5 22. Rf1 Rdf8 23. c3 g4 24. g3 bxc3 25. Bxc3 Qg6 26. Rad1 fxg3 27. Rf6 gxh2+ 28. Qxh2 g3 29. Qh3 Qg5 30. Re1 Rxf6 31. exf6 Qf4 0-1

[Event "RUS-chT Premier 2021"]
[White "Zakhartsov,Vladimir"]
[Black "Lobanov,Sergei"]
[WhiteTeam "Школа М. Ботвинника"]
[BlackTeam "СШОР"]
[Site "Sochi"]
[Round "6.2"]
[Annotator "ChessBase"]
[Result "1/2-1/2"]
[Date "2021.05.07"]
[WhiteElo "2486"]
[BlackElo "2520"]
[PlyCount "93"]
[TimeControl "60"]

1. d4 d5 2. c4 dxc4 3. e4 Nf6 4. e5 Nd5 5. Bxc4 Nc6 6. Ne2 Bf5 7. 0-0 e6 8. Nbc3 Nb6 9. Bb5 Be7 10. Ng3 Bg6 11. Be3 0-0 12. Bxc6 bxc6 13. Qe2 Nd5 14. Rac1 Nxc3 15. Rxc3 Qd5 16. Rfc1 c5 17. Qc4 Qxc4 18. Rxc4 Bd3 19. Ra4 c4 20. Nf1 Rfb8 21. Nd2 Rxb2 22. Nxc4 Rc2 23. Rxc2 Bxc2 24. Ra6 Be4 25. Na5 Kf8 26. Nc6 Ke8 27. Nxe7 Kxe7 28. Bd2 Kd7 29. f3 Bb7 30. Ra5 a6 31. Bb4 Bc6 32. a3 Bb5 33. Kf2 Rb8 34. g4 h5 35. Kg3 Rh8 36. h4 Rh7 37. Be1 Rh8 38. Kf4 Rh7 39. a4 Bc4 40. Rc5 Bd5 41. Rc1 Bc6 42. a5 Rh8 43. Rb1 Bd5 44. Rb2 Ke7 45. Bb4+ Kd7 46. Be1 Ke7 47. Bb4+ 1/2-1/2

[Event "RUS-chT Premier 2021"]
[White "Pershin,Denis"]
[Black "Makarian,Rudik"]
[WhiteTeam "СШОР"]
[BlackTeam "Школа М. Ботвинника"]
[Site "Sochi"]
[Round "6.3"]
[Annotator "ChessBase"]
[Result "1/2-1/2"]
[Date "2021.05.07"]
[WhiteElo "2391"]
[BlackElo "2468"]
[PlyCount "64"]
[TimeControl "60"]

1. d4 Nf6 2. c4 e6 3. Nc3 Bb4 4. Qc2 d5 5. cxd5 exd5 6. Bg5 h6 7. Bh4 Nc6 8. e3 g5 9. Bg3 h5 10. Bb5 h4 11. Be5 0-0 12. h3 Ne4 13. Bh2 Bf5 14. Bd3 Qf6 15. Nf3 Rfe8 16. Ne5 Nxe5 17. dxe5 Bxc3+ 18. bxc3 Qg6 19. Rd1 c5 20. Qb2 c4 21. Bb1 Nc5 22. Rxd5 Bxb1 23. Rxc5 Bd3 24. f3 Qb6 25. Qb5 Rec8 26. Rxc8+ Rxc8 27. Qxb6 axb6 28. Kd2 Ra8 29. Ra1 Ra5 30. Ke1 Rb5 31. Rd1 Rb2 32. Rd2 Rb1+ 1/2-1/2

[Event "RUS-chT Premier 2021"]
[White "Afanasiev,Nikita"]
[Black "Askerov,Marat"]
[WhiteTeam "Школа М. Ботвинника"]
[BlackTeam "СШОР"]
[Site "Sochi"]
[Round "6.4"]
[Annotator "ChessBase"]
[Result "1-0"]
[Date "2021.05.07"]
[WhiteElo "2529"]
[BlackElo "2353"]
[PlyCount "79"]
[TimeControl "60"]

1. Nf3 Nf6 2. c4 c5 3. g3 d5 4. cxd5 Nxd5 5. Nc3 Nc6 6. Bg2 Nc7 7. 0-0 e5 8. a3 Rb8 9. d3 Be7 10. Nd2 Bd7 11. Nc4 f6 12. a4 Ne6 13. Nd5 0-0 14. Bd2 Re8 15. Bc3 Bf8 16. e3 Nb4 17. Bxb4 cxb4 18. d4 b5 19. axb5 Bxb5 20. b3 exd4 21. exd4 a5 22. Qd3 g6 23. Rfe1 Bg7 24. Re3 f5 25. Rae1 Nxd4 26. Rxe8+ Bxe8 27. Ne5 Ne6 28. Qa6 Nc5 29. Qc4 Ne6 30. Nf4 Qc8 31. Qxc8 Rxc8 32. Bd5 Rc5 33. Bxe6+ Kh8 34. Nf7+ Bxf7 35. Bxf7 Bd4 36. Re8+ Kg7 37. Bc4 Rxc4 38. bxc4 b3 39. Rb8 a4 40. Ne6+ 1-0

[Event "RUS-chT Premier 2021"]
[White "Saveliev,Alexei"]
[Black "Kukhmazov,Arsen"]
[WhiteTeam "СШОР"]
[BlackTeam "Школа М. Ботвинника"]
[Site "Sochi"]
[Round "6.5"]
[Annotator "ChessBase"]
[Result "1/2-1/2"]
[Date "2021.05.07"]
[WhiteElo "2358"]
[BlackElo "2451"]
[PlyCount "83"]
[TimeControl "60"]

1. e4 c6 2. d4 d5 3. exd5 cxd5 4. Bd3 Nc6 5. c3 Nf6 6. Bf4 Bg4 7. Qb3 Qd7 8. Nd2 e6 9. Ngf3 Bd6 10. Bxd6 Qxd6 11. 0-0 0-0 12. Rae1 Ne7 13. Ne5 Bf5 14. a3 b5 15. Bxf5 Nxf5 16. Nd3 Rab8 17. Qd1 Qd8 18. Nf3 Nd6 19. Nfe5 Rb6 20. Nc5 Qc7 21. Qe2 Nde4 22. Ned3 a5 23. Ra1 Nd6 24. Rfc1 a4 25. Rf1 Nc4 26. Rae1 Ne4 27. Nxe4 dxe4 28. Ne5 Nxe5 29. dxe5 Qxe5 30. Qxe4 Qxe4 31. Rxe4 Rd6 32. Rb4 Rd5 33. c4 bxc4 34. Rxc4 Rd2 35. Rb1 Ra8 36. Kf1 g5 37. Ke1 Rd5 38. Rd1 Re5+ 39. Kd2 Rb8 40. Kc1 Re2 41. Rc2 Re4 42. Rdd2 1/2-1/2

[Event "RUS-chT Premier 2021"]
[White "Vetokhin,Savva"]
[Black "Timerkhanov,Alexander"]
[WhiteTeam "Школа М. Ботвинника"]
[BlackTeam "СШОР"]
[Site "Sochi"]
[Round "6.6"]
[Annotator "NA"]
[Result "1/2-1/2"]
[Date "2021.05.07"]
[WhiteElo "2261"]
[BlackElo "2400"]
[PlyCount "114"]
[TimeControl "60"]

1. Nf3 d5 2. g3 Bg4 3. Bg2 Nd7 4. c4 e6 5. Qb3 Nc5 6. Qe3 Nf6 7. d4 Bxf3 8. Bxf3 Nce4 9. cxd5 exd5 10. Nc3 Bb4 11. 0-0 Bxc3 12. bxc3 0-0 13. Qd3 Nd6 14. Bg2 Re8 15. Re1 Qd7 16. f3 Qb5 17. Qxb5 Nxb5 18. Bd2 Nd6 19. g4 h6 20. g5 Nc4 21. gxf6 Nxd2 22. e4 dxe4 23. fxe4 gxf6 24. Re2 Nc4 25. Rf1 Kg7 26. e5 fxe5 27. Bd5 Nd6 28. dxe5 Kh8 29. Rf6 Rg8+ 30. Kf1 Nb5 31. Rxh6+ Kg7 32. Rf6 Nxc3 33. Rxf7+ Kh6 34. Rf6+ Rg6 35. Bxb7 Rxf6+ 36. exf6 Rf8 37. Re6 Kg5 38. Re5+ Kg6 39. Rc5 Rxf6+ 40. Kg2 Nxa2 41. Be4+ Kg7 42. Rxc7+ Rf7 43. Rc4 a5 44. Kg3 Nb4 45. h4 Rd7 46. Rc5 a4 47. Rc4 Nd5 48. Bf3 Ne3 49. Rxa4 Nf5+ 50. Kh3 Rd4 51. Ra7+ Kf6 52. Ra6+ Ke5 53. h5 Kf4 54. Be2 Re4 55. Ra2 Kg5 56. Kg2 Re5 57. Kf2 Ng7 1/2-1/2

[Event "RUS-chT Premier 2021"]
[White "Oparin,Grigoriy"]
[Black "Dreev,Aleksey"]
[WhiteTeam "Ладья"]
[BlackTeam "КПРФ"]
[Site "Sochi"]
[Round "6.14"]
[Annotator "RC"]
[Result "1/2-1/2"]
[Date "2021.05.07"]
[WhiteElo "2652"]
[BlackElo "2647"]
[PlyCount "61"]
[TimeControl "60"]

1. Nf3 d5 2. c4 e6 3. g3 a6 4. b3 dxc4 5. bxc4 b5 6. Qb3 b4 7. a3 c5 8. d4 a5 9. axb4 cxb4 10. Bg2 Bb7 11. Nc3 Nf6 12. Nb5 Be7 13. Bf4 0-0 14. 0-0 Nc6 15. Rfd1 Na7 16. Nc7 Rc8 17. d5 Rxc7 18. dxe6 Qc8 19. Rxa5 Nc6 20. Rb5 fxe6 21. Bxc7 Qxc7 22. Ng5 Bc8 23. c5 Qe5 24. Bxc6 Qxg5 25. Qxb4 Ba6 26. Rb8 Qxc5 27. Rxf8+ Bxf8 28. Qxc5 Bxc5 29. Kf1 Be7 30. Rd4 Kf7 31. Ra4 1/2-1/2

[Event "RUS-chT Premier 2021"]
[White "Faizrakhmanov,Ramil"]
[Black "Sychev,Klementy"]
[WhiteTeam "Ладья"]
[BlackTeam "КПРФ"]
[Site "Sochi"]
[Round "6.18"]
[Annotator "ChessBase"]
[Result "1/2-1/2"]
[Date "2021.05.07"]
[WhiteElo "2477"]
[BlackElo "2572"]
[PlyCount "49"]
[TimeControl "60"]

1. d4 Nf6 2. c4 g6 3. Nc3 d5 4. cxd5 Nxd5 5. e4 Nxc3 6. bxc3 Bg7 7. Nf3 c5 8. Bb5+ Nc6 9. d5 Qa5 10. Rb1 Bxc3+ 11. Bd2 a6 12. Bxc6+ bxc6 13. dxc6 Be6 14. Rc1 Bb4 15. 0-0 Bxd2 16. Qxd2 Qxd2 17. Nxd2 0-0-0 18. Nb3 Bxb3 19. axb3 Rd6 20. Rxc5 Kc7 21. Ra1 Rb8 22. e5 Rxc6 23. Rxc6+ Kxc6 24. Rxa6+ Kd5 25. f4 1/2-1/2

[Event "RUS-chT Premier 2021"]
[White "Demidov,Mikhail"]
[Black "Goganov,Aleksey"]
[WhiteTeam "Гоголевский, 14"]
[BlackTeam "Медный всадник"]
[Site "Sochi"]
[Round "6.24"]
[Annotator "ChessBase"]
[Result "0-1"]
[Date "2021.05.07"]
[WhiteElo "2523"]
[BlackElo "2575"]
[PlyCount "142"]
[TimeControl "60"]

1. Nf3 d5 2. g3 g6 3. Bg2 Bg7 4. d4 Nf6 5. c4 c6 6. 0-0 0-0 7. Qb3 Qb6 8. Nc3 Rd8 9. c5 Qxb3 10. axb3 Na6 11. h3 Nd7 12. Bg5 f6 13. Bd2 e5 14. e3 e4 15. Ne1 f5 16. Nc2 Nc7 17. Ra2 Rf8 18. b4 a6 19. Na1 Rb8 20. Nb3 Ne6 21. Rfa1 g5 22. Rf1 Bf6 23. f3 Bd8 24. fxe4 fxe4 25. Ne2 Bc7 26. Raa1 Nf6 27. Rf2 Bd7 28. Na5 Kg7 29. Raf1 h5 30. Rf5 Kg6 31. h4 Bxa5 32. bxa5 Ng4 33. Rxf8 Rxf8 34. Rxf8 Nxf8 35. hxg5 Kxg5 36. Nf4 Nh6 37. Be1 Bg4 38. Bf2 Nf5 39. Kf1 Kf6 40. Ke1 Nh7 41. b4 Ng5 42. Kd2 Ne6 43. Ne2 Ng5 44. Nf4 Ng7 45. Bf1 N7e6 46. Bg2 Nxf4 47. exf4 Ne6 48. Be3 Ng7 49. Ke1 Nf5 50. Kf2 Kf7 51. Bf1 Kg6 52. Bg2 h4 53. gxh4 Kh5 54. Bf1 Kxh4 55. Bg2 Bh3 56. Bh1 Kg4 57. b5 cxb5 58. Bxe4 dxe4 59. d5 b4 60. d6 Ng7 61. d7 Ne6 62. Ke2 Kf5 63. c6 bxc6 64. Bb6 Kf6 65. d8=Q+ Nxd8 66. Bxd8+ Ke6 67. Ke3 Kd5 68. Be7 c5 69. Bf8 Bf5 70. Be7 Kc4 71. Kd2 Kb5 0-1